 Dungeon Crawl Stone Soup version 0.29.1-1-gd02db6906a (webtiles) character file.

Game seed: 3876263028866018242

674 mcbry74 the Cleaver (level 7, -16/59 HPs)
             Began as a Minotaur Berserker on Sept 27, 2022.
             Was an Elder of Trog.
             Killed from afar by a steam dragon (18 damage)
             ... with a ball of steam
             ... on level 5 of the Dungeon.
             The game lasted 00:17:08 (4748 turns).

mcbry74 the Cleaver (Minotaur Berserker)            Turns: 4748, Time: 00:17:09

Health: -16/59     AC: 12    Str: 21    XL:     7   Next: 33%
Magic:  6/6        EV: 11    Int:  6    God:    Trog [****..]
Gold:   185        SH:  0    Dex: 10    Spells: 6/6 levels left

rFire   . . .      SeeInvis .   a - +0 hand axe
rCold   . . .      Faith    .   (no shield)
rNeg    . . .      Spirit   .   y - +0 plate armour
rPois   .          Reflect  .   (helmet restricted)
rElec   .          Harm     .   (no cloak)
rCorr   .          Rampage  .   (no gloves)
Will    .....                   x - +0 pair of boots
Stlth   ..........              (no amulet)
HPRegen 0.19/turn               f - +4 ring of evasion
MPRegen 0.10/turn               (no ring)

@: no status effects
A: horns 2, retaliatory headbutt
a: Renounce Religion, Berserk, Trog's Hand, Brothers in Arms


You were on level 5 of the Dungeon.
You worshipped Trog.
Trog was greatly pleased with you.
You visited 1 branch of the dungeon, and saw 5 of its levels.
You also visited: Sewer.

You collected 185 gold pieces.

Inventory:

Hand Weapons
 a - a +0 hand axe (weapon)
 g - a +4 spear
 D - a +0 mace of holy wrath
Missiles
 s - 6 javelins (quivered)
 E - a throwing net
Armour
 b - a +0 animal skin
 d - a +0 ring mail
 x - a +0 pair of boots (worn)
 y - a +0 plate armour (worn)
 C - a +0 scale mail of willpower
Magical Staves
 n - a staff of earth
Jewellery
 f - a +4 ring of evasion (left hand)
Wands
 q - a wand of light (10)
 v - a wand of iceblast (4)
Scrolls
 o - 2 scrolls of enchant weapon {unknown}
 p - 3 scrolls of butterflies
 r - 5 scrolls of teleportation
 w - 2 scrolls of blinking {unknown}
 z - a scroll of summoning {unknown}
 A - 2 scrolls of acquirement {unknown}
 B - a scroll of poison {unknown}
Potions
 c - 2 potions of invisibility {unknown}
 e - a potion of degeneration {unknown}
 i - 3 potions of lignification {unknown}
 j - a potion of brilliance {unknown}
 k - 2 potions of heal wounds {unknown}
 l - 2 potions of curing {unknown}
 m - 2 potions of attraction {unknown}
 t - a potion of mutation {unknown}
 u - 2 potions of resistance {unknown}


   Skills:
 - Level 4.0 Fighting
 * Level 8.2 Axes
 + Level 3.8 Throwing
 + Level 3.4 Armour
 - Level 3.0 Dodging


You had 6 spell levels left.
You didn't know any spells.
Your spell library contained the following spells:

 Spells                   Type           Power      Damage    Failure   Level
 Gell's Gravitas          Tloc           0%         N/A       100%        3
 Lesser Beckoning         Tloc           0%         N/A       100%        3
 Teleport Other           Tloc           0%         N/A       100%        3


Dungeon Overview and Level Annotations

Branches:
Dungeon (5/15)              Sewer (visited)
 Temple: D:4-7

Altars:
Cheibriados
Kikubaaqudgha
Okawaru


Innate Abilities, Weirdness & Mutations

You have a pair of horns on your head.
You reflexively headbutt those who attack you in melee.


Message History

You are engulfed in a cloud of scalding steam.
The steam dragon looks more healthy.
The steam dragon bites you but does no damage.
The steam dragon claws you.
You hit the steam dragon but do no damage.
The steam dragon is moderately wounded.
You are engulfed in a cloud of scalding steam.
The steam dragon closely misses you. x2
You hit the steam dragon. You headbutt the steam dragon!
The steam dragon is severely wounded.
You are engulfed in a cloud of scalding steam.
The steam dragon bites you!
* * * LOW HITPOINT WARNING * * *
The steam dragon claws you but does no damage.
You hit the steam dragon but do no damage.
You headbutt the steam dragon.
The steam dragon is severely wounded.
You are engulfed in a cloud of scalding steam.
The steam dragon misses you.
The steam dragon claws you but does no damage.
You hit the steam dragon.
The steam dragon is almost dead.
You are engulfed in a cloud of scalding steam.
The steam dragon bites you but does no damage.
The steam dragon claws you.
* * * LOW HITPOINT WARNING * * *
You hit the steam dragon. Your headbutt misses the steam dragon.
The steam dragon is almost dead.
You are engulfed in a cloud of scalding steam.
* * * LOW HITPOINT WARNING * * *
You barely miss the steam dragon.
The steam dragon is almost dead.
The steam dragon bites you!
* * * LOW HITPOINT WARNING * * *
The steam dragon closely misses you.
You hit the steam dragon but do no damage.
The steam dragon is almost dead.
The steam dragon breathes steam at you. The ball of steam hits you!!
You die...

#.#.#.<.......
####.#!#.####.###
#))..#.#. #
#.#..#.#######
#.#...........
#.#.##§######
#<#.##§#
#######)##.#
......))@D.#
#####...)..#
#....)##
............(#
.......#####(#
.#....# .(# +....
.(( #.... .###
#... .


You could see a steam dragon (catching breath).

Vanquished Creatures
  A kobold brigand (Sewer)
  3 hounds (D:4)
  An iguana (D:4)
  4 orc wizards
  Robin (D:3)
  7 gnolls (D:3)
  11 adders
  6 river rats (Sewer)
  3 worms
  A dart slug (D:4)
  22 orcs
  8 ball pythons
  4 bats
  6 endoplasms
  5 giant cockroaches
  6 goblins
  10 hobgoblins
  12 jackals
  8 kobolds
  5 quokkas (D:3)
  9 frilled lizards
  11 rats
144 creatures vanquished.

Vanquished Creatures (others)
  19 plants
  11 withered plants (D:4)
30 creatures vanquished.

Grand Total: 174 creatures vanquished

Notes
Turn   | Place    | Note
-------+----------+-------------------------------------------
     0 | D:1      | mcbry74 the Minotaur Berserker began the quest for the Orb.
     0 | D:1      | Reached XP level 1. HP: 19/19 MP: 0/0
    95 | D:1      | Reached XP level 2. HP: 22/27 MP: 1/1
    96 | D:1      | Reached skill level 4 in Axes
   724 | D:2      | Reached XP level 3. HP: 33/33 MP: 2/2
   810 | D:2      | Reached ** piety under Trog
  1117 | D:2      | Reached skill level 1 in Throwing
  1135 | D:2      | Found a faded altar of an unknown god.
  1296 | D:2      | Reached XP level 4. HP: 40/40 MP: 3/3
  1404 | D:3      | Found a snail-covered altar of Cheibriados.
  1555 | D:3      | Reached skill level 5 in Axes
  1582 | D:3      | Found a glowing drain.
  1604 | Sewer    | Entered a sewer
  1710 | Sewer    | Reached XP level 5. HP: 34/46 MP: 4/4
  1852 | Sewer    | Reached skill level 6 in Axes
  1867 | Sewer    | Reached *** piety under Trog
  2073 | Sewer    | Reached XP level 6. HP: 50/52 MP: 5/5
  2856 | D:3      | Found an iron altar of Okawaru.
  3121 | D:3      | Reached skill level 7 in Axes
  3136 | D:3      | Noticed Robin
  3144 | D:3      | Killed Robin
  3722 | D:4      | You fall into a shaft and drop 1 floor!
  3722 | D:5      | Entered Level 5 of the Dungeon
  3757 | D:4      | Reached XP level 7. HP: 59/59 MP: 6/6
  3930 | D:4      | Reached **** piety under Trog
  4215 | D:4      | Found an ancient bone altar of Kikubaaqudgha.
  4322 | D:4      | Reached skill level 8 in Axes
  4727 | D:5      | Noticed a steam dragon
  4747 | D:5      | HP: 1/59 [steam dragon (9)]
  4748 | D:5      | Killed from afar by a steam dragon

Illustrated notes

Levels and vault maps discovered:
D:1:      lightli_arrival_maybe_door_vault, layout_rooms
D:2:      layout_rooms, chequers_ecumenical_altar_lobes, minmay_lizard_pond
D:3:      layout_loops_corners, mainiacjoe_overflow_catwalk,
          cheibriados_altar_1, portal_sewer_entry_f, uniq_robin
D:4:      layout_cave_pods, kiku_gazebo_garden_becter, minmay_cut_off
D:5:      layout_basic, lemuel_coloured_pillars_altar, temple_doors_e,
          uniq_blork_the_orc

Skill      XL: |  1  2  3  4  5  6  7 |
---------------+----------------------+-----
Axes           | 4 5 6 7 8 |  8.2
Fighting       | 4 |  4.0
Armour         | 3 |  3.4
Throwing       | 1 2 3 |  3.8
Dodging        | 3 |  3.0

Action                   |  1- 3 |  4- 6 |  7- 9 || total
-------------------------+-------+-------+-------++-------
Melee: Hand axe          |    83 |   214 |    94 ||   391
       Headbutt          |    11 |    30 |     9 ||    50
       Punch             |       |     1 |       ||     1
Throw: Stone             |     9 |    12 |     1 ||    22
       Dart              |     5 |     3 |    21 ||    29
Invok: Berserk           |       |     1 |       ||     1
  Use: Scroll            |       |     5 |       ||     5
Armor: Animal skin       |     3 |       |       ||     3
       Ring mail         |    21 |    37 |       ||    58
       Plate armour      |       |       |    37 ||    37
Dodge: Dodged            |    39 |   135 |    30 ||   204
